 Dungeon Crawl Stone Soup version 0.30.1-11-g7821555f0a (webtiles) character file.

Game seed: 16149900472271713223

73 PaiMei the Grave Robber (level 4, -3/31 HPs)
             Began as a Demonspawn Necromancer on Jan 12, 2024.
             Slain by a gnoll
             ... wielding a +0 flail
              (11 damage)
             ... on level 3 of the Dungeon.
             The game lasted 00:02:28 (2069 turns).

PaiMei the Grave Robber (Demonspawn Necromancer)    Turns: 2069, Time: 00:02:28

Health: -3/31      AC:  2    Str:  8    XL:     4   Next: 8%
Magic:  1/7        EV: 12    Int: 18    God:
Gold:   111        SH:  0    Dex: 14    Spells: 4/8 levels left

rFire   . . .        (no weapon)
rCold   . . .        (no shield)
rNeg    . . .        a - +0 robe
rPois   .            (no helmet)
rElec   .            (no cloak)
rCorr   .            (no gloves)
SInv    .            (no boots)
Will    .....        (no amulet)
Stlth   ++           (no ring)
HPRegen 0.25/turn    (no ring)
MPRegen 0.10/turn

%: no passive effects
@: no status effects
A: powered by pain 2
a: no special abilities


You were on level 3 of the Dungeon.
You visited 1 branch of the dungeon, and saw 3 of its levels.

You collected 111 gold pieces.

Inventory:

Missiles
 l - 3 poisoned darts
Armour
 a - a +0 robe (worn)
Jewellery
 h - a ring of resist corrosion
Scrolls
 c - 2 scrolls of blinking {unknown}
 d - 3 scrolls of identify {unknown}
 f - a scroll of vulnerability {unknown}
 g - 5 scrolls of teleportation {unknown}
 i - a scroll of immolation {unknown}
Potions
 b - a potion of magic
 e - 3 potions of heal wounds {unknown}
 j - 3 potions of curing {unknown}
 k - a potion of flight {unknown}
 m - a potion of degeneration {unknown}
 n - 2 potions of brilliance {unknown}
 o - a potion of attraction {unknown}


   Skills:
 + Level 0.8 Fighting
 + Level 2.4 Dodging
 - Level 2.3 Stealth
 + Level 2.6 Spellcasting
 + Level 4.9 Necromancy


You had 4 spell levels left.
You knew the following spells:

 Your Spells              Type           Power      Damage    Failure   Level
a - Necrotise             Necr           80%        1d8       2%          1
b - Vampiric Draining     Necr           20%        2d7       7%          3

Your spell library contained the following spells:

 Spells                   Type           Power      Damage    Failure   Level
 Animate Dead             Necr           20%        N/A       22%         4
 Summon Guardian Golem    Hex/Summ       2%         N/A       45%         3
 Agony                    Necr           20%        N/A       52%         5
 Orb of Destruction       Conj           1%         9d5       100%        7
 Spellforged Servitor     Conj/Summ      1%         N/A       100%        7


Dungeon Overview and Level Annotations

Branches:
Dungeon (3/15)

Altars:


Innate Abilities, Weirdness & Mutations

You sometimes gain power by taking damage.


Message History

You kill the gnoll!
The dead are walking!
You have reached level 4!
You feel agile.
Your gnoll skeleton hits the gnoll.
Casting: Necrotise (safe; 2% risk of failure)
Confirm with . or Enter, or press ? or * to list all spells.
Aiming: Necrotise (safe; 2% risk of failure)
Press: ? - help, Shift-Dir - straight line, f - gnoll
Aim: a gnoll, wielding a +0 flail (lightly wounded, ally target, chance to affect: 84%)
The gnoll barely resists.
Your gnoll skeleton barely misses the gnoll.
Casting: Necrotise (safe; 2% risk of failure)
Confirm with . or Enter, or press ? or * to list all spells.
Aiming: Necrotise (safe; 2% risk of failure)
Press: ? - help, Shift-Dir - straight line, f/p - gnoll
Aim: a gnoll, wielding a +0 flail (lightly wounded, ally target, chance to affect: 84%)
The gnoll writhes in agony.
Casting: Necrotise (safe; 2% risk of failure)
Confirm with . or Enter, or press ? or * to list all spells.
You don't have enough magic to cast this spell.
Casting: Necrotise (safe; 2% risk of failure)
Confirm with . or Enter, or press ? or * to list all spells.
You don't have enough magic to cast this spell.
The gnoll attacks as you move away! The gnoll hits you with a +0 flail.
Something hits your gnoll skeleton. The gnoll closely misses you.
The gnoll misses you. The gnoll attacks as you move away!
The gnoll closely misses you. The gnoll attacks as you move away!
The gnoll hits you with a +0 flail. The gnoll attacks as you move away!
The gnoll hits you with a +0 flail. The gnoll attacks as you move away!
The gnoll hits you with a +0 flail!
* * * LOW HITPOINT WARNING * * *
Casting: Necrotise (safe; 2% risk of failure)
Confirm with . or Enter, or press ? or * to list all spells.
Aiming: Necrotise (safe; 2% risk of failure)
Press: ? - help, Shift-Dir - straight line, f/p - gnoll
Aim: a gnoll, wielding a +0 flail (moderately wounded, chance to affect: 84%)
The gnoll writhes in agony.
The gnoll hits you with a +0 flail!
You die...

####.# #..#### #.##
#.....# ## #..#
#.....# .#
##.######..###### .#
#.....###......# .#
#.....# ##g....#
..###.....# #.....#
..........# ##.g..#
.####....<# ###@..#
## #.....# ##.....#
#####.....###......#
..........##.......#
####......##.......#
##....(.........#
#########.....##
.......# #.......#


You could see 2 gnolls.

Vanquished Creatures
  2 adders (D:3)
  A gnoll (D:3)
  A dart slug (D:1)
  4 ball pythons
  3 endoplasms (D:1)
  A giant cockroach (D:2)
  2 goblins
  5 hobgoblins
  2 kobolds
  4 quokkas
  7 bats
  A frilled lizard (D:2)
  6 rats
39 creatures vanquished.

Vanquished Creatures (collateral kills)
  An endoplasm (D:2)
  A bat (D:2)
  A rat (D:2)
3 creatures vanquished.

Grand Total: 42 creatures vanquished

Notes
Turn   | Place    | Note
-------+----------+-------------------------------------------
     0 | D:1      | PaiMei the Demonspawn Necromancer began the quest for the
                  | Orb.
     0 | D:1      | Reached XP level 1. HP: 13/13 MP: 3/3
   265 | D:1      | Gained mutation: You sometimes gain a little power by
                  | taking damage. [demonic ancestry]
   265 | D:1      | Reached XP level 2. HP: 16/19 MP: 0/5
   758 | D:1      | Found a faded altar of an unknown god.
  1297 | D:2      | Gained mutation: You sometimes gain power by taking damage.
                  | [demonic ancestry]
  1297 | D:2      | Reached XP level 3. HP: 24/24 MP: 4/6
  1630 | D:2      | Learned a level 3 spell: Vampiric Draining
  2037 | D:3      | Reached XP level 4. HP: 25/31 MP: 1/7
  2069 | D:3      | Slain by a gnoll

Illustrated notes

Levels and vault maps discovered:
D:1:      ebering_trefoil_twist, layout_basic,
          shapermc_ecumenical_altar_mp_ritualfount, corexii_corridor_pit,
          minmay_misc_feat_more_columns
D:2:      layout_rooms
D:3:      layout_rooms

Skill      XL: |  1 |
---------------+----+-----
Dodging        | 2 |  2.4
Stealth        | 2 |  2.3
Fighting       | |  0.8
Spellcasting   | |  2.6
Necromancy     | |  4.9

Action                     |  1- 3 |  4- 6 || total
---------------------------+-------+-------++-------
  Melee: Unarmed           |    18 |       ||    18
         Punch             |     1 |       ||     1
   Cast: Necrotise         |    73 |     3 ||    76
 Armour: Robe              |     7 |       ||     7
  Dodge: Dodged            |    24 |     3 ||    27
